 Dungeon Crawl Stone Soup version 0.30.1-3-gfc49f6343a (webtiles) character file.

Game seed: 13825938922296267206

120 Wiggles the Chopper (level 4, 0/41 HPs)
             Began as a Minotaur Berserker on July 18, 2023.
             Was a Believer of Trog.
             Succumbed to an adder's poison
             ... on level 3 of the Dungeon.
             The game lasted 00:02:23 (1275 turns).

Wiggles the Chopper (Minotaur Berserker)            Turns: 1275, Time: 00:02:24

Health: 0/41       AC:  3    Str: 23    XL:     4   Next: 75%
Magic:  3/3        EV: 12    Int:  4    God:    Trog [**....]
Gold:   59         SH:  0    Dex: 10    Spells: 3/3 levels left

rFire   . . .        a - +0 hand axe
rCold   . . .        (no shield)
rNeg    . . .        l - +0 leather armour
rPois   .            (helmet restricted)
rElec   .            (no cloak)
rCorr   .            (no gloves)
SInv    .            (no boots)
Will    .....        (no amulet)
Stlth   +            (no ring)
HPRegen 0.26/turn    (no ring)
MPRegen 0.08/turn

%: no passive effects
@: lethally poisoned (0 -> -9)
A: horns 2, retaliatory headbutt
a: Renounce Religion, Berserk, Trog's Hand


You were on level 3 of the Dungeon.
You worshipped Trog.
Trog was pleased with you.
You visited 1 branch of the dungeon, and saw 3 of its levels.

You collected 59 gold pieces.

Inventory:

Hand Weapons
 a - a +0 hand axe (weapon)
Armour
 l - a +0 leather armour (worn)
Wands
 o - a wand of flame (11)
Scrolls
 b - 2 scrolls of blinking {unknown}
 c - a scroll of fear {unknown}
 d - 2 scrolls of magic mapping {unknown}
 g - a scroll of identify {unknown}
 i - 3 scrolls of teleportation {unknown}
 n - a scroll of poison {unknown}
Potions
 e - a potion of attraction {unknown}
 f - a potion of curing {unknown}
 h - 2 potions of heal wounds {unknown}
 j - a potion of flight {unknown}
 k - a potion of haste {unknown}
 m - 2 potions of brilliance {unknown}


   Skills:
 + Level 4.8 Fighting
 + Level 5.1 Axes
 + Level 2.8 Armour
 + Level 3.0 Dodging
 + Level 0.1 Stealth


You had 3 spell levels left.
You didn't know any spells.
Your spell library was empty.

Dungeon Overview and Level Annotations

Branches:
Dungeon (3/15)

Altars:


Innate Abilities, Weirdness & Mutations

You have a pair of horns on your head.
You reflexively headbutt those who attack you in melee.


Message History

Things that are here:
a +0 club; 3 poisoned darts
Things that are here:
a +0 short sword; a +0 leather armour; a giant cockroach corpse
Things that are here:
a +0 flail; a +0 dagger; a +0 robe You now have 59 gold pieces (gained 16).
You hear the slow rusting of a drain nearby.
An adder comes into view.
You are too injured to fight recklessly!
You are too injured to fight recklessly!
You are too injured to fight recklessly!
The adder hisses angrily.
You see here a +0 dagger.
The adder closely misses you.
You completely miss the adder. The adder barely misses you.
The adder bites you.
You closely miss the adder. The adder bites you.
You are poisoned.
The adder poisons you!
You closely miss the adder.
You feel sick. The adder closely misses you.
You closely miss the adder.
You feel sick. The adder bites you. x2
* * * LOW HITPOINT WARNING * * *
You are more poisoned.
The adder poisons you!
You barely miss the adder.
You feel sick. The adder bites you.
* * * LOW HITPOINT WARNING * * *
You are lethally poisoned!
The adder poisons you!
You hit the adder but do no damage. You punch the adder.
The adder is moderately wounded.
* * * LOW HITPOINT WARNING * * *
You feel very sick. The adder bites you.
* * * LOW HITPOINT WARNING * * *
The adder barely misses you. You furiously retaliate!
You headbutt the adder, but do no damage.
You barely miss the adder.
The adder is moderately wounded.
You die...

##..#######..##
#...........##
#........##
#........#
##.......#
#.......#
###..####
########..#####...
~.....S@).......#
....#.###.#######
. . # #)## .#
#))## ##.#
##..##...#
#######)#..####
.......).......
##....#.....###
####.##.##..#


You could see an adder.

Vanquished Creatures
  2 orc wizards (D:3)
  An adder (D:2)
  An ufetubus (D:2)
  6 orcs (D:3)
  2 bats
  5 endoplasms
  4 giant cockroaches
  2 hobgoblins (D:1)
  6 jackals
  6 quokkas
  3 ball pythons
  A frilled lizard (D:2)
  3 kobolds
  5 rats
47 creatures vanquished.

Notes
Turn   | Place    | Note
-------+----------+-------------------------------------------
     0 | D:1      | Wiggles the Minotaur Berserker began the quest for the Orb.
     0 | D:1      | Reached XP level 1. HP: 19/19 MP: 0/0
    75 | D:1      | Found a faded altar of an unknown god.
   223 | D:1      | Reached XP level 2. HP: 25/27 MP: 1/1
   321 | D:1      | Reached skill level 4 in Axes
   511 | D:1      | You fall into a shaft and drop 1 floor!
   615 | D:1      | Reached ** piety under Trog
   616 | D:1      | Reached XP level 3. HP: 25/33 MP: 2/2
  1182 | D:3      | Reached XP level 4. HP: 29/41 MP: 3/3
  1218 | D:3      | Reached skill level 5 in Axes
  1275 | D:3      | Succumbed to an adder's poison

Illustrated notes

Levels and vault maps discovered:
D:1:      wander_arrival_estate, layout_rooms, ebering_ecumenical_altar_box,
          serial_bayou_lake_a
D:2:      layout_basic, minmay_misc_feat_alley
D:3:      layout_rooms, tgw_kikubaaqudgha, amcnicky_altar_gilded,
          gup_sewer_entry_pipe, hangedman_decor_lopped

Skill      XL: |  1  2  3  4 |
---------------+-------------+-----
Fighting       | 4 |  4.8
Axes           | 4 5 |  5.1
Dodging        | 3 |  3.0
Armour         | |  2.8
Stealth        | |  0.1

Action                     |  1- 3 |  4- 6 || total
---------------------------+-------+-------++-------
  Melee: Hand axe          |    90 |    29 ||   119
         Headbutt          |     5 |     1 ||     6
         Punch             |     2 |     1 ||     3
 Armour: Animal skin       |     6 |       ||     6
         Leather armour    |    14 |     4 ||    18
  Dodge: Dodged            |    63 |    15 ||    78
